 Dungeon Crawl Stone Soup version 0.16-a0-1029-gdfc7942 (webtiles) character file.

226 Psiweapon the Ruffian (level 6, -2/29 HPs)
             Began as a Vine Stalker Transmuter on Oct 4, 2014.
             Killed by divine providence
             ... invoked by an orc priest
              (9 damage)
             ... on level 4 of the Dungeon.
             The game lasted 00:08:55 (2437 turns).

Psiweapon the Ruffian (Vine Stalker Transmuter)     Turns: 2437, Time: 00:08:55

HP  -2/29        AC  2     Str 15      XL: 6   Next:  1%
MP   0/12        EV 12     Int 14      God:
Gold 129         SH  0     Dex 14      Spells:  1 memorised,  8 levels left

rFire  . . .     SeeInvis .       - Unarmed
rCold  . . .     Clarity  .     c - +0 robe
rNeg   . . .     rCorr    .     (no shield)
rPois  .         rRot     +     (helmet restricted)
rElec  .         Spirit   +     (no cloak)
SustAb .         Warding  .     (no gloves)
rMut   .         Stasis   .     (no boots)
Gourm  .                        (no amulet)
MR     .....                    (no ring)
                                s - +1 ring of intelligence

@: appendage (expiring), not resistant to hostile enchantments, very unstealthy
A: fangs 2, horns 2, regeneration 2, magic shield, antimagic bite, no device
heal 3, rot immunity
a: End Transformation


You were on level 4 of the Dungeon.
You were not hungry.
You had grown temporary horns.
You visited 1 branch of the dungeon, and saw 4 of its levels.

You collected 129 gold pieces.

Inventory:

Missiles
 b - 30 arrows
 i - 22 poisoned needles
Armour
 c - a +0 robe (worn)
Magical devices
 o - a wand of random effects (12)
Comestibles
 a - 4 bread rations
 l - a chunk of adder flesh
 x - a rotting chunk of ball python flesh
Scrolls
 e - 6 scrolls of remove curse
 f - a scroll of fog {unknown}
 g - a scroll of amnesia {unknown}
 n - a scroll of teleportation
 p - a scroll of immolation {unknown}
 q - a scroll of enchant weapon {unknown}
 v - a scroll of enchant armour {unknown}
Jewellery
 h - a cursed amulet of inaccuracy
 k - an uncursed ring of ice
 s - a +1 ring of intelligence (left hand)
Potions
 j - 2 potions of magic
 m - 2 potions of poison {unknown}
 r - 2 potions of brilliance {unknown}
 t - a potion of haste {unknown}
 u - a potion of beneficial mutation {unknown}
 w - 2 potions of heal wounds {unknown}
Books
 d - a book of Changes

   Spells                             Type                      Level
   *Beastly Appendage                 Transmutation                1
   Sticks to Snakes                   Transmutation                2
   Spider Form                        Transmutation/Poison         3
   Ice Form                           Ice/Transmutation            4
   Blade Hands                        Transmutation                5


   Skills:
 - Level 0.8 Fighting
 - Level 1.5 Dodging
 + Level 6.5 Unarmed Combat
 - Level 2.1 Spellcasting
 - Level 2.0 Transmutations


You had 8 spell levels left.
You knew the following spells:

 Your Spells              Type           Power        Failure   Level  Hunger
a - Beastly Appendage     Trmt           #.....       12%         1    #......


Dungeon Overview and Level Annotations

Branches:
Dungeon (4/15)
 Temple: D:4-7

Altars:
Fedhas


Innate Abilities, Weirdness & Mutations

You have extremely sharp teeth.
You heal very quickly.
When hurt, damage is shared between your health and your magic reserves.
Your bite disrupts and absorbs the magic of your enemies.
Potions and wands cannot restore your health.
You are immune to rotting.
You have a pair of horns on your head.


Message History

The ogre is moderately wounded.
The ogre closely misses you.
You hit the ogre. Your bite misses the ogre.
The ogre is moderately wounded.
The ogre barely misses you.
You barely miss the ogre. You headbutt the ogre.
You bite the ogre, but do no damage.
The ogre is heavily wounded.
The orc priest hits you but does no damage.
You barely miss the ogre. You bite the ogre. You drain its power.
You feel invigorated.
The ogre is heavily wounded.
Your transformation is almost over.
The ogre hits you with a giant club!!
* * * LOW HITPOINT WARNING * * *
You hit the ogre. You headbutt the ogre!
The ogre is almost dead.
The orc priest mumbles some strange prayers to Beogh against you.
Something smites you!
You die...

#.....##..###'#####
#.....+.........#
#.....#.........#
.....#.........#
..#....###'##
#....#.%..#
####'#....#####
............o.#..#
.........@Oo.'..#
......##+#....##'#
..... '........
#'## .#........ .
#+#........
........ .##+#.. .
. .


You could see an ogre, an orc priest and an orc.

Vanquished Creatures
  A phantom (D:4)
  6 adders
  3 giant geckos
  An ooze (D:3)
  6 orcs
  6 goblins
  8 hobgoblins
  5 jackals
  4 kobolds
  3 ball pythons (D:3)
  13 bats
  3 giant cockroaches
  4 giant newts (D:2)
  9 rats
72 creatures vanquished.

Notes
Turn   | Place    | Note
--------------------------------------------------------------
     0 | D:1      | Psiweapon, the Vine Stalker Transmuter, began the quest for the Orb.
     0 | D:1      | Reached XP level 1. HP: 9/9 MP: 3/3
   104 | D:1      | Reached XP level 2. HP: 14/14 MP: 5/5
   812 | D:2      | Reached skill level 4 in Unarmed Combat
   825 | D:2      | Reached XP level 3. HP: 17/17 MP: 7/7
  1244 | D:2      | Reached XP level 4. HP: 19/21 MP: 5/8
  1336 | D:2      | Reached skill level 5 in Unarmed Combat
  1688 | D:3      | Found a blossoming altar of Fedhas.
  1903 | D:3      | Reached XP level 5. HP: 21/25 MP: 8/11
  2237 | D:4      | Noticed a phantom
  2309 | D:4      | Killed a phantom
  2309 | D:4      | Reached skill level 6 in Unarmed Combat
  2417 | D:4      | Gained mutation: You heal very quickly. [vine stalker growth]
  2417 | D:4      | Reached XP level 6. HP: 24/29 MP: 10/12
  2427 | D:4      | Noticed an ogre
  2437 | D:4      | Killed from afar by an orc priest

Action                   |  1- 3 |  4- 6 || total
-------------------------+-------+-------++-------
Melee: Unarmed           |    88 |   128 ||   216
 Cast: Beastly Appendage |    16 |    18 ||    34
Evoke: Wand              |     1 |       ||     1
  Use: Scroll            |     1 |     3 ||     4
  Eat: Chunk             |     1 |     5 ||     6
